 Dungeon Crawl Stone Soup version 0.19-a0-442-g8935a21 (webtiles) character file.

83 Ordine the Changer (level 4, -3/28 HPs)
             Began as an Octopode Transmuter on June 1, 2016.
             Slain by an orc
             ... wielding a +0 dagger
              (6 damage)
             ... on level 2 of the Dungeon.
             The game lasted 00:04:49 (2753 turns).

Ordine the Changer (Octopode Transmuter)            Turns: 2753, Time: 00:04:50

Health: -3/28      AC:  1    Str:  9    XL:     4   Next: 44%
Magic:  7/7        EV: 12    Int: 16    God:
Gold:   117        SH:  0    Dex: 12    Spells: 2 memorised, 3 levels left

rFire  . . .     SeeInvis .       - Unarmed
rCold  . . .     Gourm    .     (no shield)
rNeg   . . .     Faith    .     (helmet restricted)
rPois  .         Spirit   .     (no amulet)
rElec  .         Dismiss  .     e - ring of resist corrosion
rCorr  +         Reflect  .     (no ring)
SustAt .         Harm     .     (no ring)
MR     .....                    (no ring)
Stlth  ++........               (no ring)
                                (no ring)
                                (no ring)
                                (no ring)

@: not resistant to hostile enchantments, unstealthy
A: almost no armour, amphibious, 8 rings, constrict 8, camouflage 1, gelatinous
body 1
a: no special abilities


You were on level 2 of the Dungeon.
You were not hungry.

You visited 1 branch of the dungeon, and saw 3 of its levels.

You collected 117 gold pieces.

Inventory:

Jewellery
 e - a ring of resist corrosion (left tentacle)
Scrolls
 d - 2 scrolls of teleportation
 g - a scroll of immolation
 k - a scroll of remove curse
Potions
 h - 2 potions of haste
 i - 2 potions of invisibility
Books
 b - a book of Changes

   Spells                             Type                      Level
   a - Beastly Appendage              Transmutation                1
   b - Sticks to Snakes               Transmutation                2
   c - Spider Form                    Transmutation/Poison         3
   d - Ice Form                       Ice/Transmutation            4
   e - Blade Hands                    Transmutation                5
Comestibles
 c - 2 bread rations
 f - 2 meat rations
 j - a chunk of flesh


   Skills:
 - Level 1.0 Fighting
 - Level 2.0 Dodging
 - Level 3.0 Unarmed Combat
 - Level 2.0 Spellcasting
 + Level 4.5 Transmutations


You had 3 spell levels left.
You knew the following spells:

 Your Spells              Type           Power        Failure   Level  Hunger
a - Spider Form           Tmut/Pois      #.........   28%         3    ###....
b - Beastly Appendage     Tmut           ###...       3%          1    #......


Dungeon Overview and Level Annotations

Branches:
Dungeon (3/15)

Altars:
Okawaru


Innate Abilities, Weirdness & Mutations

You cannot wear most types of armour.
You are amphibious.
You can wear up to eight rings at the same time.
You can use your tentacles to constrict eight enemies at once.
Your skin changes colour to match your surroundings (Stealth+).
Your rubbery body absorbs attacks. (AC +1)


Message History

You tentacle-slap the orc.
You kill the orc!
The orc hits you from afar with a trident!
* * * LOW HITPOINT WARNING * * *
Okay, then.
You open the door. The orc hits you with a dagger.
* * * LOW HITPOINT WARNING * * *
There is an open door here.
There is a stone staircase leading up here.
The orc hits you with a dagger.
* * * LOW HITPOINT WARNING * * *
You climb upwards.
There is a stone staircase leading down here.
Unknown command.
You are too injured to fight recklessly!
You are too injured to fight recklessly!
You tentacle-slap the orc. You grab the orc.
The orc is heavily wounded.
You constrict the orc. The orc hits you with a dagger.
You die...

...# #........##.>#
#.#.#.##.### ##.#
#........##..#
#.#.#.##.# #.#
#.........#..#
#.#.#.##.# #.#
#.......#.#..#
#.#.#.##[# ##.#
#########.#..#
#.#.#.##.# ...#
#....# #.#.#.##.###
####
##...####.#.#.##....
#.o....#.#.#.#####.
##@###.#.#.#.....#.
#.#.#.#.#.......#.
#.#...#.###.....#.
#.#...............
#.###.#.###.#.#.##
#.#####.# #.#<..#
#.......# #.######
######### #.......
########


You could see an orc.

Vanquished Creatures
  3 adders (D:2)
  2 oozes
  A worm (D:2)
  3 dart slugs
  3 giant geckos
  2 orcs (D:3)
  4 goblins
  5 hobgoblins (D:1)
  3 jackals (D:2)
  A bat (D:3)
  A giant newt (D:1)
  6 kobolds
  2 rats
36 creatures vanquished.

Notes
Turn   | Place    | Note
--------------------------------------------------------------
     0 | D:1      | Ordine the Octopode Transmuter began the quest for the Orb.
     0 | D:1      | Reached XP level 1. HP: 13/13 MP: 3/3
     3 | D:1      | Noticed an electric eel
     3 | D:1      | Noticed an electric eel
   275 | D:1      | Reached XP level 2. HP: 18/18 MP: 5/5
   566 | D:1      | Reached skill level 3 in Transmutations
  1011 | D:1      | Reached XP level 3. HP: 19/23 MP: 6/6
  1062 | D:1      | Learned a level 3 spell: Spider Form
  1590 | D:2      | Found an iron altar of Okawaru.
  1596 | D:2      | Reached skill level 4 in Transmutations
  1930 | D:2      | Reached XP level 4. HP: 21/28 MP: 7/7
  2734 | D:3      | HP: 1/28 [orc/flail (12)]
  2753 | D:2      | Slain by an orc

Vault maps used:
D:1:      arrival_aquarium_b
D:2:      okawaru_ov_weapons_minmay
D:3:      good_gods_temple_1, fedhas_altar_1

Skill      XL: |  1  2  3 |
---------------+----------+-----
Transmutations | 3 4 |  4.5
Fighting       | |  1.0
Dodging        | |  2.0
Unarmed Combat | |  3.0
Spellcasting   | |  2.0

Action                   |  1- 3 |  4- 6 || total
-------------------------+-------+-------++-------
Melee: Unarmed           |    70 |    27 ||    97
       Constrict         |    15 |     6 ||    21
       Tentacles         |     9 |     4 ||    13
       Punch             |     1 |     1 ||     2
  Use: Scroll            |     9 |       ||     9
       Potion            |       |     1 ||     1
 Stab: Sleeping          |     1 |     1 ||     2
  Eat: Chunk             |     2 |     4 ||     6
Armor: Skin              |     7 |     5 ||    12
Dodge: Dodged            |    36 |    18 ||    54
